[Event "New York Spring GM-A 2022"]
[Site "New York"]
[Date "2022.04.17"]
[Round "5.2"]
[White "Ostrovskiy, Aleksandr"]
[Black "Korley, Kassa"]
[Result "1/2-1/2"]
[ECO "C43"]
[WhiteElo "2409"]
[BlackElo "2399"]
[Annotator "TA"]
[PlyCount "112"]
[EventDate "2022.04.14"]
[EventType "tourn"]
[EventCountry "USA"]
[SourceTitle "playchess.com"]
[Source "ChessBase"]
[SourceQuality "1"]
[TimeControl "5400+30"]

1. e4 e5 2. Nf3 Nf6 3. d4 Nxe4 4. Bd3 Nc6 5. Nxe5 Nxe5 6. dxe5 {[%emt 0:00:38] C43: Petroff Defence: 3 d4.} d5 7. exd6 {[%emt 0:05:20] [#]} Nc5 $146 ({Predecessor:} 7... Nxd6 8. O-O Be7 9. Nc3 O-O 10. Nd5 Bf5 11. Bf4 Bg6 12. c4 b6 13. Re1 Re8 14. Bxg6 hxg6 {1-0 (33) Nakamura,H (2749)-Duda,J (2731) Saint Louis 2019}) 8. dxc7 {[%emt 0:02:04] White is slightly better.} Nxd3+ 9. cxd3 Qxc7 10. O-O Be7 11. Nc3 O-O 12. Qf3 Be6 13. d4 Bc4 14. Rd1 Bd6 15. h3 Rfe8 16. Be3 Rac8 17. Rac1 Qd7 18. d5 $1 b6 19. Bf4 Bb4 20. Qg3 f6 {[%emt 0:06:08] Against Be5} 21. d6 Bxc3 22. Rxc3 Be6 23. Rxc8 Rxc8 24. Re1 Re8 25. Rc1 {[%emt 0:00:21] Strongly threatening Rc7.} Rc8 26. Re1 Re8 $1 27. b3 Kf7 (27... Bf5 $16 28. Rd1 Rd8) 28. Qd3 h6 29. Bg3 Rc8 (29... Qc6 $16 {was worth a try.}) 30. Kh2 Rc5 (30... b5 $16 {was called for.} 31. Qd2 a6) 31. b4 Rc8 32. Qe2 (32. a4 $1 $18) 32... Re8 33. Qa6 Rc8 {[%emt 0:01:01] Against Rc1} 34. Qe2 Re8 $1 35. Qa6 Rc8 $1 {[%emt 0:00:02] Against Rc1} 36. Re3 b5 37. Ra3 Rc4 38. Qxa7 Rxb4 39. Qb6 Ra4 {[%emt 0:00:44] Against Ra7} 40. Rc3 $36 {[%emt 0:00:16][%mdl 2048] Hoping for Rc7. White is really pushing.} Rc4 41. Ra3 (41. Rd3 $16) 41... Ra4 $14 42. Rc3 (42. Qc5 $14) 42... Rc4 $1 $16 43. Re3 h5 {[%emt 0:02:18] [#]} (43... g5 $14) 44. h4 $1 Ra4 45. Qc5 Rxa2 46. Qxh5+ Kg8 47. Rc3 {[%emt 0:00:59] Black must now prevent Rc7.} Ra7 48. Qc5 Ra4 49. Qb6 Rc4 {[%emt 0:00:18] [#]} 50. Ra3 Ra4 {[%emt 0:00:16] Inhibits Ra7.} 51. Rc3 ({White should try} 51. Re3) 51... Rc4 52. Ra3 (52. Rd3 $142) 52... Ra4 53. Qb8+ (53. Re3 $16) 53... Kf7 54. Rc3 {[%emt 0:00:13] And now Rc7 would win.} Rc4 55. Ra3 {[%emt 0:00:06] Ra7 is the strong threat. &Bianco is much more active.} Ra4 {[%emt 0:00:04] Inhibits Ra7.} 56. Rc3 {[%emt 0:01:10] aiming for Rc7.} Rc4 $1 {[%emt 0:00:05] Black defended with fortune.  Weighted Error Value: White=0.25 (precise) /Black=0.07 (flawless)} 1/2-1/2

[Event "New York Spring GM-A 2022"]
[Site "New York"]
[Date "2022.04.17"]
[Round "5.3"]
[White "Wang, Kevin"]
[Black "Barbosa, Oliver"]
[Result "0-1"]
[ECO "D20"]
[WhiteElo "2389"]
[BlackElo "2505"]
[Annotator "TA"]
[PlyCount "80"]
[EventDate "2022.04.14"]
[EventType "tourn"]
[EventCountry "USA"]
[SourceTitle "playchess.com"]
[Source "ChessBase"]
[SourceQuality "1"]
[TimeControl "5400+30"]

1. d4 d5 2. c4 dxc4 3. e4 Nf6 4. e5 Nd5 5. Bxc4 Nb6 6. Bb3 Nc6 7. Ne2 Bf5 8. Nbc3 e6 9. O-O Be7 10. Be3 {[%emt 0:00:56] 10.a3 is vanishing.} O-O 11. a3 Qd7 {[%emt 0:00:42] D20: Queen's Gambit Accepted: 3 e3 and 3 e4.} 12. Bc2 Bg6 13. Bxg6 hxg6 {[%emt 0:00:41] White is slightly better.} 14. Qc2 {[%emt 0:01:47] [#]} Bd8 $146 ({Predecessor:} 14... Nc4 15. Ne4 Nxe3 16. fxe3 Rac8 17. Rad1 Nb8 18. N2c3 c6 19. Rf3 Qe8 20. g4 c5 {½-½ (92) Collins,S (2443)-Ventura Bolet,M (2228) Barcelona 2017}) 15. Ne4 Ne7 16. Nc5 Qc6 17. Rac1 Nd7 18. Bg5 (18. Qb3 $11) 18... Nxc5 $1 $15 19. dxc5 Nf5 {[%emt 0:00:37] Inhibits Nd4.} 20. Bxd8 Raxd8 21. Rfd1 Rd5 (21... g5 {is more complex.} 22. Ng3 Nh4 23. Ne4 Rd5) 22. Rxd5 Qxd5 23. Qc3 Rd8 24. Re1 Qd2 25. b4 a6 26. Kf1 Qa2 {[%emt 0:03:16] 0x0.001c68f4b5b3dp-1022s more active pieces.} 27. Ra1 Qd5 28. Re1 g5 29. h3 Nh4 {[%emt 0:01:17][%csl Gh4][%cal Rd5g2,Bf5h4,Bh4g6,Bg6f4,Bf4d3,Bd3e5,Be5d7,Bd7e5,Be5c6,Bc6d8][%mdl 32] [#]} 30. f3 ({White should play} 30. Qg3) 30... Ng6 31. Ng3 Nf4 {[%emt 0:00:26] Threatens to win with ...Qa2.} 32. Ne2 Qd3 33. Qxd3 Nxd3 $17 {[%emt 0:00:18][%mdl 4096] Endgame KRN-KRN} 34. Rd1 {[%emt 0:00:03] [#]} Rd7 $1 35. Nc3 Nxe5 36. Rxd7 Nxd7 37. Ne4 f6 38. Ke2 Ne5 39. c6 $2 (39. Nc3 $17 {was worth a try.}) 39... Nxc6 40. Nc5 Nd8 {[%emt 0:00:18] Weighted Error Value: White=0.18 (very precise) /Black=0.05 (flawless)} 0-1

[Event "New York Spring GM-A 2022"]
[Site "New York"]
[Date "2022.04.17"]
[Round "5.4"]
[White "Nagy, Gabor"]
[Black "Kaliksteyn, Alexander"]
[Result "1/2-1/2"]
[ECO "A13"]
[WhiteElo "2530"]
[BlackElo "2379"]
[Annotator "TA"]
[PlyCount "77"]
[EventDate "2022.04.14"]
[EventType "tourn"]
[EventCountry "USA"]
[SourceTitle "playchess.com"]
[Source "ChessBase"]
[SourceQuality "1"]
[TimeControl "5400+30"]

1. c4 e6 2. Nf3 d5 3. g3 dxc4 4. Qa4+ Nd7 5. Bg2 c5 6. O-O Ngf6 7. Qxc4 b6 8. Nc3 Bb7 9. Rd1 {[%emt 0:02:38] A13: English Opening: 1...e6.} Rc8 10. d4 a6 11. dxc5 Bxc5 12. Qh4 b5 {[%emt 0:04:40] [#]} 13. Ne5 $1 Bxg2 14. Kxg2 {[%emt 0:00:35] Really sharp!} Qe7 15. Nxd7 Nxd7 {[%emt 0:00:06] [#]} 16. Bg5 $146 ({White should try} 16. Ne4 $14) ({Predecessor:} 16. Qxe7+ Kxe7 17. Ne4 Nf6 18. Nxc5 Rxc5 19. Bd2 Rd5 20. Rac1 Kd7 21. Ba5 Ra8 22. Rc7+ {1-0 (41) Novik,M (2466)-Olenin,N (2409) Sochi 2007}) 16... f6 $11 17. Bd2 O-O 18. Ne4 Ne5 19. Rac1 Qb7 {[%emt 0:08:10] aiming for ...Ng6.} 20. f3 Be7 {[%emt 0:00:17] White must now prevent ...f5.} 21. Qh3 f5 (21... Rc6 $5 ) 22. Ng5 Bxg5 23. Bxg5 Rxc1 24. Bxc1 Rc8 25. Qh4 {[%emt 0:01:16] The position is equal.} Rc2 26. Kf1 Qc6 27. Bf4 {[%emt 0:03:27] White threatens Rd8+ and mate.} Qc4 $1 28. Qd8+ Kf7 29. Rd2 Rxd2 30. Qxd2 Nxf3 31. Qd7+ Kf6 32. Qd8+ Kf7 33. Qd7+ Kf6 34. h4 h6 35. h5 {[%emt 0:00:59] And now Qe8 would win.} Nd4 36. Qd8+ Kf7 37. Qd7+ Kf6 38. Qd8+ Kf7 39. Qd7+ {[%emt 0:00:04] Weighted Error Value: White=0.07 (flawless) /Black=0.06 (flawless)} 1/2-1/2

[Event "New York Spring GM-A 2022"]
[Site "New York"]
[Date "2022.04.17"]
[Round "5.5"]
[White "Liang, Jason"]
[Black "Guo, Arthur"]
[Result "1/2-1/2"]
[ECO "C54"]
[WhiteElo "2419"]
[BlackElo "2412"]
[Annotator "TA"]
[PlyCount "124"]
[EventDate "2022.04.14"]
[EventType "tourn"]
[EventCountry "USA"]
[SourceTitle "playchess.com"]
[Source "ChessBase"]
[SourceQuality "1"]
[TimeControl "5400+30"]

1. e4 e5 2. Nf3 Nc6 3. Bc4 Bc5 4. c3 Nf6 5. d4 exd4 6. e5 d5 7. Bb5 Ne4 8. cxd4 Bb6 9. Nc3 O-O 10. Be3 {[%emt 0:00:12] C54: Giuoco Piano: 4 c3 Nf6, main lines with 5 d4 and 5 d3.} Bg4 11. h3 Bh5 12. Qc2 Nxc3 {[%emt 0:01:00] is the new trend.} 13. bxc3 f6 $1 14. exf6 Qxf6 15. Be2 Na5 16. O-O Bxf3 17. Bxf3 c6 18. Rae1 Nc4 19. Bc1 Qg6 20. Qxg6 hxg6 21. Re7 Rf7 22. Re2 Ba5 23. Rc2 Re8 24. Bg4 b5 {[%emt 0:06:20] [#]} 25. g3 $146 ({Predecessor:} 25. h4 Rb7 26. g3 Kf7 27. Be2 Rbe7 28. Bg4 Bd8 29. Kg2 a5 30. Rd1 Rb7 31. Be2 {½-½ (62) Klimakovs,S (2445)-Panitevsky,I (2507) ICCF email 2018}) 25... Bb6 26. Rd1 a5 27. Kg2 Rb7 28. Be2 Rbe7 29. Bd3 Kf7 $1 30. h4 Bd8 31. Kf1 Rb7 32. Be2 Bf6 33. Rd3 Nd6 34. Rf3 Kg8 35. Bd3 Ne4 36. Kg2 Rbe7 37. Rf4 g5 38. Rg4 gxh4 39. gxh4 Re6 40. h5 b4 41. cxb4 axb4 42. h6 $1 Ra8 43. hxg7 Bxg7 44. Re2 Rae8 {[%emt 0:02:31] [#]} (44... Kf7 $11 {remains equal.}) 45. Rb2 $1 $16 Rb8 46. Bf4 Rb7 47. Be5 {[%emt 0:00:44] A strong pair of Bishops.} c5 $1 48. Bxe4 ({White should try} 48. Rc2 $16) 48... dxe4 $11 {[%emt 0:00:08] The position is equal.} 49. Bxg7 (49. Rc2 {is more complex.} cxd4 50. Bxd4 Kh7 51. Be3) 49... Rxg7 50. Rxg7+ Kxg7 51. dxc5 $16 {[%emt 0:00:08][%mdl 4096] Endgame Threatens to win with Kf1. KR-KR} e3 {[%emt 0:02:17] [#] ( -> ...e2)} 52. fxe3 (52. Rxb4 e2 53. Rb1 e1=Q 54. Rxe1 Rxe1 $19) 52... Rxe3 53. Rxb4 Ra3 54. Rc4 Kf6 55. c6 {[%emt 0:00:58] White threatens c7 and mate.} Rxa2+ 56. Kf3 {[%emt 0:00:08] Intending c7 and mate.} Ra8 $1 57. Rh4 Ra3+ 58. Ke2 Ke7 59. Rh6 Kd8 60. Rh7 Rc3 61. c7+ Rxc7 62. Rxc7 Kxc7 {[%emt 0:00:34] Weighted Error Value: White=0.06 (flawless) /Black=0.07 (flawless)} 1/2-1/2

[Event "New York Spring GM-A 2022"]
[Site "New York"]
[Date "2022.04.17"]
[Round "6.1"]
[White "Belous, Vladimir"]
[Black "Guo, Arthur"]
[Result "1/2-1/2"]
[ECO "D36"]
[WhiteElo "2516"]
[BlackElo "2412"]
[Annotator "TA"]
[PlyCount "86"]
[EventDate "2022.04.14"]
[EventType "tourn"]
[EventCountry "USA"]
[SourceTitle "playchess.com"]
[Source "ChessBase"]
[SourceQuality "1"]
[TimeControl "5400+30"]

1. d4 Nf6 2. c4 e6 3. Nc3 d5 4. cxd5 exd5 5. Bg5 c6 6. e3 h6 7. Bh4 Be7 8. Bd3 O-O 9. Qc2 a5 10. Nge2 $1 {[%emt 0:00:47] The main line 10.Nge2 scores better than 10.Nf3. D36: Queen's Gambit Declined: Exchange Variation: Main line (5 Bg5 c6 6 Qc2).} Na6 11. a3 {[%emt 0:00:12] Prevents Nb4.} Nc7 12. f3 {[%emt 0:01:00] White has an edge.} Re8 {[%emt 0:03:05] [#]} 13. Bf2 $146 ({Predecessor:} 13. O-O Ne6 14. Rad1 Qb6 15. Bf2 Bd7 16. h3 Rac8 17. e4 Nf8 18. e5 N6h7 19. f4 {0-1 (75) Pantzar,M (2081)-Madebrink,L (2236) Tylosand 2015}) 13... c5 14. dxc5 Bxc5 15. Nb5 Ne6 16. O-O Qb6 17. Ned4 Bd7 18. Qd2 Bxd4 19. Nxd4 Nxd4 20. exd4 Bb5 21. Rfc1 Bxd3 22. Qxd3 Qxb2 23. Rcb1 Qe2 24. Qxe2 Rxe2 25. Rxb7 Rc8 26. Ra7 $1 Rcc2 27. Rf1 g5 28. g4 {[%emt 0:05:51] Inhibits Nh5.} h5 $36 {[%emt 0:06:03][%mdl 2048] Black is pushing.} 29. h3 h4 30. Rxa5 Ra2 31. a4 Kg7 32. Rc5 Rxa4 33. Re1 Rb2 34. Be3 Raa2 (34... Kg6 $15 35. Bc1 Rba2) 35. Bxg5 $11 {[%emt 0:36:35] The position is equal.} Rg2+ 36. Kh1 Rh2+ {[%emt 0:07:13][%mdl 1024] Black has compensation.} 37. Kg1 Rag2+ 38. Kf1 Rf2+ 39. Kg1 Rfg2+ 40. Kf1 Nh5 41. gxh5 {[%emt 0:00:00] [#] Black must now prevent Be3. Active counter play!} (41. Bxh4 $2 {gets mated.} Nf4) 41... Rf2+ 42. Kg1 Rfg2+ 43. Kf1 {[%emt 0:00:00] And now Be3 would win.} Rf2+ {[%emt 0:01:23] Weighted Error Value: White=0.04 (flawless) /Black=0.06 (flawless)} 1/2-1/2

[Event "New York Spring GM-A 2022"]
[Site "New York"]
[Date "2022.04.17"]
[Round "6.2"]
[White "Kaliksteyn, Alexander"]
[Black "Liang, Jason"]
[Result "0-1"]
[ECO "D02"]
[WhiteElo "2379"]
[BlackElo "2419"]
[Annotator "TA"]
[PlyCount "70"]
[EventDate "2022.04.14"]
[EventType "tourn"]
[EventCountry "USA"]
[SourceTitle "playchess.com"]
[Source "ChessBase"]
[SourceQuality "1"]
[TimeControl "5400+30"]

1. d4 d5 2. Nf3 Nf6 3. c3 e6 4. Bf4 c5 5. e3 Nc6 6. Nbd2 Nh5 7. Bg5 {[%emt 0:00:15] D02: 1 d4 d5 2 Nf3 sidelines, including 2...Nf6 3 g3 and 2...Nf6 3 Bf4.} f6 8. Bh4 (8. Ne5 {is interesting.} g6 9. Bh4 Be7 10. Nxc6 bxc6 11. Nb3) 8... g6 9. Be2 {[%emt 0:01:01][%cal Of3e5] The position is equal.} Ng7 {[%emt 0:06:20] 9...cxd4 is the fancy move.} 10. O-O Nf5 11. Bg3 {[%emt 0:03:00] [#]} cxd4 $146 ({Predecessor:} 11... h5 12. h4 Nxg3 13. fxg3 Bd6 14. Bd3 f5 15. c4 Bxg3 16. cxd5 Qxd5 17. Bc4 Qd6 {0-1 (31) Aronian,L (2781)-Erigaisi,A (2567) Chess.com INT 2021}) 12. Nxd4 Nxg3 13. hxg3 (13. fxg3 Bh6 14. Nc2 Qb6 $17) 13... e5 14. Nxc6 bxc6 15. c4 Rb8 16. Nb3 Be6 17. Rc1 Qb6 18. Bg4 f5 19. Bf3 e4 20. Be2 Bg7 21. cxd5 cxd5 22. Nc5 {[%emt 0:00:49] Qa4+ is the strong threat.} O-O (22... Bxb2 23. Qa4+ Kf8 24. Nxe6+ Qxe6 25. Rc7 $16) 23. Nxe6 Qxe6 24. b3 Kh8 25. Rc7 Rbd8 26. Qc2 d4 27. exd4 Bxd4 28. Rd1 Qb6 29. Kf1 {[%emt 0:12:05] [#]} (29. Rc6 $1 $11 Qa5 30. Qc1) 29... f4 $1 $17 {[%emt 0:03:50] aiming for ...fxg3.} (29... Bxf2 30. Rc6 Rxd1+ 31. Bxd1 $18) 30. Rc6 {[%emt 0:00:31] [#]} (30. gxf4 $2 Rxf4 31. Rc4 (31. f3 $2 Rh4 $19) 31... Rxf2+ 32. Ke1 Rf6 33. Rdxd4 Rxd4 $19) 30... Qa5 {[%emt 0:00:39] White must now prevent ...fxg3.} (30... Qb4 31. Rc4 Qb6 32. gxf4 $16 (32. Qxe4 fxg3 33. Rcxd4 Rde8 $15)) 31. gxf4 Rxf4 32. Rxd4 Rxd4 33. Rc8+ (33. Ra6 $17 {keeps fighting.} Rd2 34. Qc1) 33... Kg7 $19 34. b4 Qe5 ({Weaker is} 34... Rxb4 35. Qc3+ Kh6 36. Qh3+ Kg7 37. Qc3+ Kh6 38. Qh3+ Kg7 39. Qc3+ $11) (34... Qxb4 35. Qc7+ Rf7 36. Qe5+ Rf6 37. Rc7+ Kg8 38. Rc8+ (38. Bc4+ Rxc4 39. Qe8+ Qf8 $11) 38... Kg7 39. Rc7+ Kg8 40. Rc8+ (40. Bc4+ Rxc4 41. Qe8+ Qf8 $11) 40... Kg7 $11) 35. Qc6 $2 (35. Rc5 Qf6 36. Qc3 Rxf2+ 37. Ke1) 35... e3 {[%emt 0:01:01] Weighted Error Value: White=0.20 (precise) /Black=0.02 (flawless)} 0-1

[Event "New York Spring GM-A 2022"]
[Site "New York"]
[Date "2022.04.17"]
[Round "6.3"]
[White "Barbosa, Oliver"]
[Black "Nagy, Gabor"]
[Result "1/2-1/2"]
[WhiteElo "2505"]
[BlackElo "2530"]
[Annotator "TA"]
[PlyCount "42"]
[EventDate "2022.04.14"]
[EventType "tourn"]
[EventCountry "USA"]
[SourceTitle "playchess.com"]
[Source "ChessBase"]
[SourceQuality "1"]
[TimeControl "5400+30"]

1. d4 Nf6 2. Nf3 d5 3. c4 e6 4. Nc3 Be7 5. Bg5 h6 6. Bh4 O-O 7. e3 b6 {[%emt 0:00:05] [#]} {Predecessor:} 8. cxd5 $146 {D59: Queen's Gambit Declined: Tartakower Defence: Main line (8 cxd5 Nxd5).} Nxd5 9. Bxe7 Qxe7 10. Nxd5 exd5 11. Rc1 Be6 12. Qb3 c5 13. Qa3 Rc8 14. Bb5 Kf8 15. dxc5 Rxc5 16. Rxc5 Qxc5 17. Kd2 Qxa3 18. bxa3 Nd7 19. Bxd7 Bxd7 20. Rc1 Ke7 21. Kd3 Kd6 {1-0 (40) Nakamura,H (2750)-So,W (2778) Chess.com INT 2022} 1/2-1/2

[Event "New York Spring GM-A 2022"]
[Site "New York"]
[Date "2022.04.17"]
[Round "6.4"]
[White "Korley, Kassa"]
[Black "Wang, Kevin"]
[Result "1-0"]
[ECO "D78"]
[WhiteElo "2399"]
[BlackElo "2389"]
[Annotator "TA"]
[PlyCount "29"]
[EventDate "2022.04.14"]
[EventType "tourn"]
[EventCountry "USA"]
[SourceTitle "playchess.com"]
[Source "ChessBase"]
[SourceQuality "1"]
[TimeControl "5400+30"]

1. Nf3 d5 2. g3 g6 3. Bg2 Bg7 4. d4 Nf6 5. O-O O-O 6. c4 c6 7. a4 {[%emt 0:00:17] D78: Fianchetto Grünfeld: 6 0-0 c6.} a5 8. cxd5 cxd5 9. Qb3 {[%emt 0:00:28] The position is equal.} Nc6 {[%emt 0:02:07] [#]} 10. Bf4 $146 ({Predecessor:} 10. Nc3 Nb4 11. Na2 Nxa2 12. Qxa2 Qb6 13. Bf4 Bf5 14. Rfc1 Rac8 15. Qa3 e6 16. b3 {0-1 (42) Giri,A (2774)-Duda,J (2756) Chess.com INT 2021}) 10... Nb4 11. Na3 Bf5 12. Rfc1 Qb6 13. Bc7 Qa6 14. Bf1 {[%emt 0:01:28][%cal Oe2e4] [#] And now e4! would win.} Rac8 $2 (14... Qa7 $11) 15. e4 $1 {[%emt 0:02:20] Weighted Error Value: White=0.05 (flawless) /Black=0.78} 1-0

[Event "New York Spring GM-A 2022"]
[Site "New York"]
[Date "2022.04.17"]
[Round "6.5"]
[White "Song, Edward"]
[Black "Ostrovskiy, Aleksandr"]
[Result "1/2-1/2"]
[ECO "B12"]
[WhiteElo "2383"]
[BlackElo "2409"]
[Annotator "TA"]
[PlyCount "86"]
[EventDate "2022.04.14"]
[EventType "tourn"]
[EventCountry "USA"]
[SourceTitle "playchess.com"]
[Source "ChessBase"]
[SourceQuality "1"]
[TimeControl "5400+30"]

1. e4 c6 2. d4 d5 3. e5 c5 4. Nf3 cxd4 5. Nxd4 Nc6 6. Nxc6 {[%emt 0:00:40] B12: Caro-Kann: Advance Variation.} bxc6 7. Bd3 e6 8. O-O Ne7 9. Nd2 a5 10. Nf3 Ba6 11. Bxa6 Rxa6 12. c4 dxc4 {[%emt 0:12:30] [#]} 13. Qa4 $146 ({Predecessor:} 13. Nd2 Qd5 14. Qc2 Ng6 15. Nxc4 Nxe5 16. Nxe5 Qxe5 17. Qd3 Ra8 18. Rd1 Qd5 19. Qe2 {1-0 (30) Dragnev,V (2533)-Kraus,T (2477) Vienna 2022}) 13... Qd5 14. Be3 Qb5 15. Qc2 Nd5 16. Bd4 Be7 17. Nd2 a4 18. Nxc4 O-O 19. a3 Rb8 20. Rab1 h6 21. Rfd1 Raa8 (21... c5 $5 22. Be3 Ra7 $11) 22. g3 (22. Nd6 $14 {should be considered.} Bxd6 23. exd6) 22... Rd8 $11 23. Rd3 c5 24. Be3 Nxe3 25. Rxe3 Rd4 26. Rc3 Rad8 27. b3 axb3 28. Qxb3 Qc6 29. Qc2 h5 30. h4 $1 Qd5 31. a4 {[%emt 0:01:52] [#]} Bxh4 $1 {[%emt 0:03:37] And now ...Bg5 would win.} 32. Ne3 (32. a5 Be7) 32... Qa8 33. gxh4 Rxh4 34. Ng2 Rxa4 35. Rh3 Rg4 {[%emt 0:01:04][%csl Gg4][%cal Ra8g2] [#]} 36. f3 Rgd4 37. Rxh5 {[%emt 0:00:56] Black must now prevent Qh7+.} g6 38. Rg5 {[%emt 0:00:35][%cal Og5g6] Strongly threatening Rxg6+!} Qxf3 {[%emt 0:01:04] aiming for ...Rd2.} 39. Rxg6+ $2 fxg6 $19 40. Qxg6+ Kh8 {[%emt 0:00:27] Hoping for ...Rd1+.} 41. Qh6+ Kg8 {[%emt 0:00:00] Threatens to win with ...Rd1+.} 42. Qg6+ Kh8 $2 ({Black should try} 42... Kf8 $19 {...Rd1+ is the strong threat.} 43. Rf1 Rd1) 43. Qh6+ $11 Kg8 {[%emt 0:00:08] Weighted Error Value: White=0.21 (precise) /Black=0.26 (precise)} 1/2-1/2

[Event "New York Spring GM-A 2022"]
[Site "New York"]
[Date "2022.04.18"]
[Round "7.1"]
[White "Ostrovskiy, Aleksandr"]
[Black "Belous, Vladimir"]
[Result "0-1"]
[ECO "B42"]
[WhiteElo "2409"]
[BlackElo "2516"]
[Annotator "TA"]
[PlyCount "65"]
[EventDate "2022.04.14"]
[EventType "tourn"]
[EventCountry "USA"]
[SourceTitle "playchess.com"]
[Source "ChessBase"]
[SourceQuality "1"]
[TimeControl "5400+30"]

1. e4 c5 2. Nf3 e6 3. d4 cxd4 4. Nxd4 a6 5. Bd3 Bc5 6. Nb3 Ba7 7. Qe2 {[%emt 0:01:10] 7.Qe2 scores better than 7.0-0.} Nc6 8. Be3 Nf6 {[%emt 0:01:09] B42: Sicilian: Kan Variation: 5 Bd3.} 9. Nc3 Qc7 10. O-O-O {[%emt 0:07:30] [#]} O-O $146 {[%emt 0:01:33] White is slightly better.} ({Predecessor:} 10... b5 11. f4 b4 12. Nd5 exd5 13. exd5 O-O 14. Bxa7 Nxa7 15. d6 Qb6 16. g4 Bb7 {1-0 (41) Erdogdu,M (2396)-Ozdemir,S (2191) Chess.com INT 2021}) 11. Kb1 b5 12. f4 {[%emt 0:08:34] With the idea e5.} Bxe3 13. Qxe3 {[%emt 0:01:58] Strongly threatening e5.} (13. e5 $5 ) 13... d6 {[%emt 0:00:05] Against e5} 14. g4 b4 15. Na4 (15. g5 Ng4 16. Qe1 bxc3 $17) 15... Nxg4 16. Qg3 f5 17. exf5 exf5 18. Rhg1 (18. Rhe1 $5 ) 18... Kh8 19. h3 Nf6 20. Nb6 $1 Ra7 21. Nxc8 Qxc8 22. Qg5 a5 (22... g6 $15) 23. Bxf5 $11 Qc7 {[%emt 0:00:00] aiming for ...a4.} 24. Nd2 (24. Qg2 $11) 24... Nd4 $17 {[%emt 0:00:00] Hoping for ...a4.} 25. Bd3 a4 $1 26. Rg3 (26. Qg2 $142) 26... b3 27. cxb3 axb3 28. a3 (28. Nxb3 $2 Nxb3 29. axb3 Rfa8 $19) 28... Rc8 $1 {[%emt 0:00:00][%cal Oc7c2] Dancing on a razor blade.} 29. Rgg1 {[%emt 0:00:51] [#]} Ne2 {[%emt 0:00:00] Against Rc1. Pair of Knights!} 30. Rge1 $2 {[%emt 0:01:37] [#]} (30. Bxe2 $2 {is a self mate.} Qc2+ 31. Ka1 {[#]} Rxa3+ $3 32. bxa3 Qa2#) (30. Qxg7+ Qxg7 31. Rxg7 Nc3+ 32. bxc3 Rxg7 33. c4) 30... Rxa3 $3 $19 {[%emt 0:00:00][%cal Ba7a3,Ba3a4,Ba4c4][%mdl 544] Black is clearly winning.} 31. Nc4 (31. bxa3 Nc3+) 31... Ra4 {[%emt 0:00:00][%cal Oc7a7] ( -> ...Qa7!)} ({Stronger than} 31... h6 32. Qb5 (32. Qh4 $2 Ra4 $19) 32... Nd4 33. Qb6 $17) 32. Rxe2 Rxc4 33. Qg1 {[%emt 0:01:38] Weighted Error Value: White=0.70/Black=0.12 (very precise)} 0-1